 Dungeon Crawl Stone Soup version 0.24-a0-762-gca426f56c8 (webtiles) character file.

Game seed: 3138859042250314692, levelgen mode: deterministic

123 Peloso the Shield-Bearer (level 4, -2/40 HPs)
             Began as a Minotaur Fighter on Oct 3, 2019.
             Killed by nerve-wracking pain
             ... invoked by Grinder
              (11 damage)
             ... on level 3 of the Dungeon.
             The game lasted 00:04:06 (1841 turns).

Peloso the Shield-Bearer (Minotaur Fighter)         Turns: 1841, Time: 00:04:07

Health: -2/40      AC: 11    Str: 20 (21) XL:     4   Next: 79%
Magic:  3/3        EV:  5    Int:  5      God:
Gold:   135        SH: 10    Dex: 10      Spells: 3/3 levels left

rFire    . . .     SeeInvis .   a - +1 long sword
rCold    + . .     Gourm    .   c - +1 shield
rNeg     . . .     Faith    .   b - +0 chain mail
rPois    .         Spirit   .   (helmet restricted)
rElec    .         Reflect  .   i - +1 cloak
rCorr    .         Harm     .   (no gloves)
MR       .....                  (no boots)
Stlth    ..........             (no amulet)
HPRegen  0.13/turn              j - ring of stealth
MPRegen  0.08/turn              g - ring of protection from cold

@: no status effects
A: retaliatory headbutt, horns 2
a: no special abilities


You were on level 3 of the Dungeon.
You were very hungry.

You visited 1 branch of the dungeon, and saw 3 of its levels.

You collected 135 gold pieces.

Inventory:

Hand Weapons
 a - a +1 long sword (weapon)
Armour
 b - a +0 chain mail (worn)
 c - a +1 shield (worn)
 i - a +1 cloak (worn)
Jewellery
 g - a ring of protection from cold (right hand)
 j - a ring of stealth (left hand)
Scrolls
 m - a scroll of remove curse
Potions
 d - a potion of might
 e - 2 potions of curing
 n - a potion of mutation
 o - a potion of heal wounds
Comestibles
 f - 6 rations


   Skills:
 + Level 4.2 Fighting
 + Level 4.2 Long Blades
 + Level 4.3 Armour
 + Level 0.6 Dodging
 + Level 4.6 Shields


You had 3 spell levels left.
You didn't know any spells.
Your spell library contained the following spells:

 Spells                   Type           Power        Failure   Level  Hunger
 Animate Skeleton         Necr           N/A          100%        1    ##.....
 Apportation              Tloc           #.....       100%        1    ##.....
 Confusing Touch          Hex            #.....       100%        1    ##.....
 Summon Small Mammal      Summ           #...         100%        1    ##.....


Dungeon Overview and Level Annotations

Branches:
Dungeon (3/15)

Altars:

Annotations:
D:3 Grinder


Innate Abilities, Weirdness & Mutations

You reflexively headbutt those who attack you in melee.
You have a pair of horns on your head.


Message History

You suddenly lose the ability to move!
Grinder hits you.
You writhe in agony.
Grinder hits you.
* * * LOW HITPOINT WARNING * * *
You writhe in agony.
* * * LOW HITPOINT WARNING * * *
Grinder gestures at you. You resist with significant effort.
Grinder hits you but does no damage.
You can move again.
You barely miss Grinder.
Grinder is lightly wounded.
Grinder gestures at you. You resist with significant effort.
Grinder hits you but does no damage.
Unknown command.
Your chain mail prevents you from hitting Grinder.
Grinder is lightly wounded.
Grinder gestures at you. Pain shoots through your body!
You die...

.########## ..........#
... #.........##
....########.......##
.......@5....#......#
.........###...####.#
..>..........### #.#
........###########.#
........#####.......####
................####......
.............#### #......
.. ...............#
#...... .....##
#.(.........##.# #......


You could see Grinder.

Vanquished Creatures
  A crimson imp (D:3)
  Natasha (D:3)
  2 adders (D:2)
  A dart slug (D:2)
  3 leopard geckos
  A ball python (D:1)
  A giant cockroach (D:3)
  5 goblins
  8 hobgoblins
  3 jackals (D:2)
  4 kobolds
  5 bats
  2 frilled lizards (D:2)
  4 rats
41 creatures vanquished.

Notes
Turn   | Place    | Note
-------+----------+-------------------------------------------
     0 | D:1      | Peloso the Minotaur Fighter began the quest for the Orb.
     0 | D:1      | Reached XP level 1. HP: 19/19 MP: 0/0
   205 | D:1      | Reached XP level 2. HP: 23/27 MP: 1/1
   843 | D:2      | Reached XP level 3. HP: 22/33 MP: 2/2
  1804 | D:3      | Noticed Grinder
  1804 | D:3      | Noticed Natasha
  1804 | D:3      | Paralysed by Grinder for 5 turns
  1812 | D:3      | Paralysed by Grinder for 5 turns
  1822 | D:3      | Killed Natasha
  1822 | D:3      | Reached XP level 4. HP: 27/40 MP: 3/3
  1835 | D:3      | Paralysed by Grinder for 5 turns
  1841 | D:3      | Killed from afar by Grinder

Levels and vault maps discovered:
D:1:      dpeg_arrival_refuge, layout_loops_cross
D:2:      layout_basic, first_ration
D:3:      layout_rooms, uniq_grinder, uniq_natasha

Skill      XL: |  1  2  3 |
---------------+----------+-----
Shields        | 4 |  4.6
Long Blades    | 3 4 |  4.2
Armour         | 4 |  4.3
Fighting       | 4 |  4.2
Dodging        | |  0.6

Action                   |  1- 3 |  4- 6 || total
-------------------------+-------+-------++-------
Melee: Long sword        |   102 |    11 ||   113
       Headbutt          |    11 |       ||    11
  Use: Scroll            |     9 |       ||     9
       Potion            |     6 |       ||     6
  Eat: Chunk             |     2 |       ||     2
Armor: Scale mail        |    20 |       ||    20
       Chain mail        |    40 |     6 ||    46
Dodge: Dodged            |    21 |     1 ||    22
Block: Shield            |    72 |     3 ||    75
       Rpst.: Long sword |     4 |       ||     4

Table legend:
 A = Non-vault XP
 B = Vault XP
 C = Vault XP percentage of total XP
 D = Non-vault monster count
 E = Vault monster count
 F = Vault count percentage of total count
                 A         B        C        D         E       F
            +---------+---------+-------+---------+---------+-------
      Total |     141 |      35 |  19.9 |      40 |       1 |   2.4
            +---------+---------+-------+---------+---------+-------
        D:1 |      24 |       0 |   0.0 |      13 |       0 |   0.0
        D:2 |      63 |       0 |   0.0 |      22 |       0 |   0.0
        D:3 |      54 |      35 |  39.3 |       5 |       1 |  16.7
            +---------+---------+-------+---------+---------+-------
